 Dungeon Crawl Stone Soup version 0.28.0 (webtiles) character file.

Game seed: 10569960147747365646

316 Jonnyslop the Chopper (level 6, -1/56 HPs)
             Began as a Hill Orc Fighter on June 28, 2022.
             Slain by a gnoll (3 damage)
             ... on level 3 of the Dungeon.
             The game lasted 00:06:10 (2927 turns).

Jonnyslop the Chopper (Hill Orc Fighter)            Turns: 2927, Time: 00:06:10

Health: -1/56      AC: 15    Str: 21    XL:     6   Next: 44%
Magic:  6/6        EV:  9    Int:  8    God:
Gold:   102        SH:  5    Dex: 10    Spells: 5/5 levels left

rFire   . . .      SeeInvis .   a - +0 war axe (protect)
rCold   . . .      Faith    .   c - +1 buckler
rNeg    . . .      Spirit   .   b - +0 scale mail
rPois   .          Reflect  .   (no helmet)
rElec   .          Harm     .   (no cloak)
rCorr   .          Rampage  .   (no gloves)
Will    .....                   g - +0 pair of boots
Stlth   ..........              (no amulet)
HPRegen 0.18/turn               j - ring of flight
MPRegen 0.10/turn               (no ring)

@: mighty, lethally poisoned (-1 -> -10), under a protective aura, flying
A: no striking features
a: no special abilities


You were on level 3 of the Dungeon.
You visited 1 branch of the dungeon, and saw 3 of its levels.

You collected 102 gold pieces.

Inventory:

Hand Weapons
 a - a +0 war axe of protection (weapon)
Armour
 b - a +0 scale mail (worn)
 c - a +1 buckler (worn)
 g - a +0 pair of boots (worn)
Jewellery
 j - a ring of flight (left hand)
Wands
 e - a wand of polymorph (6)
Scrolls
 k - a scroll of fear
 m - a scroll of amnesia {unknown}
Potions
 d - a potion of might
 h - a potion of degeneration {unknown}
 i - 2 potions of heal wounds
 l - a potion of attraction


   Skills:
 + Level 5.6 Fighting
 * Level 7.3 Axes
 - Level 3.2 Armour
 - Level 3.2 Shields


You had 5 spell levels left.
You didn't know any spells.
Your spell library contained the following spells:

 Spells                   Type           Power      Damage    Failure   Level
 Sting                    Tmut/Pois      0%         1d3       83%         1
 Poisonous Vapours        Pois/Air       0%         N/A       93%         2
 Frozen Ramparts          Ice            0%         1d2       99%         3
 Ice Form                 Ice/Tmut       0%         N/A       100%        4
 Olgreb's Toxic Radiance  Pois           0%         N/A       100%        4
 Summon Ice Beast         Ice/Summ       0%         N/A       100%        4


Dungeon Overview and Level Annotations

Branches:
Dungeon (3/15)

Altars:
Gozag


Message History

The gnoll hits you with a +0 halberd! The gnoll hits you but does no damage.
You are more poisoned.
You are too injured to fight recklessly!
You are too injured to fight recklessly!
You are too injured to fight recklessly!
You are too injured to fight recklessly!
You are too injured to fight recklessly!
You are too injured to fight recklessly!
You are too injured to fight recklessly!
You are too injured to fight recklessly!
You are too injured to fight recklessly!
You are too injured to fight recklessly!
You are too injured to fight recklessly!
You are too injured to fight recklessly!
You are too injured to fight recklessly!
You are too injured to fight recklessly!
You are too injured to fight recklessly!
You are too injured to fight recklessly!
You are too injured to fight recklessly!
You are too injured to fight recklessly!
You are too injured to fight recklessly!
You are too injured to fight recklessly!
You are too injured to fight recklessly!
You are too injured to fight recklessly!
You slice the gnoll!!
You kill the gnoll!
You hit the gnoll.
You feel very sick. The gnoll hits you with a +0 halberd.
The gnoll hits you with a +0 halberd!
* * * LOW HITPOINT WARNING * * *
You closely miss the gnoll. You barely miss the gnoll.
* * * LOW HITPOINT WARNING * * *
You feel very sick. The gnoll hits you but does no damage.
The gnoll barely misses you.
You closely miss the gnoll. You completely miss the gnoll.
* * * LOW HITPOINT WARNING * * *
You feel very sick. The gnoll misses you. The gnoll barely misses you.
The gnoll hits you with a +0 whip.
You die...

... ... # #.# #.# ###########
....... ...#....... #.#.#.#g##
#......... ......)(.# #.........
.#.#.#.## ##........
######.........## #..##.###
.....##.#.#<#.#g##### ####....###
......## ###..g@)).# #..........
.......# ##.###### #####)##...
.......# #.# ####.###.. .......#
###.######.##.......).
.......#####................#####
.............###..######...##
........###### ##..# #...##
.......## ##.# #.#.# ........##
#.# #.#.#


You could see 2 gnolls.

Vanquished Creatures
  A necrophage (D:3)
  Jessica (D:2)
  An orc wizard (D:3)
  Terence (D:2)
  4 adders
  5 gnolls (D:3)
  A worm (D:3)
  A dart slug (D:1)
  2 orcs (D:3)
  8 ball pythons
  10 bats
  4 endoplasms
  5 giant cockroaches
  A goblin (D:1)
  4 hobgoblins
  4 quokkas
  4 frilled lizards
  11 kobolds
  6 rats
74 creatures vanquished.

Notes
Turn   | Place    | Note
-------+----------+-------------------------------------------
     0 | D:1      | Jonnyslop the Hill Orc Fighter began the quest for the Orb.
     0 | D:1      | Reached XP level 1. HP: 19/19 MP: 1/1
    34 | D:1      | Reached skill level 3 in Axes
   108 | D:1      | Reached XP level 2. HP: 25/27 MP: 2/2
   494 | D:1      | Reached skill level 4 in Axes
   624 | D:1      | Reached XP level 3. HP: 23/33 MP: 3/3
  1150 | D:2      | Noticed Terence
  1171 | D:2      | Killed Terence
  1172 | D:2      | Reached XP level 4. HP: 22/41 MP: 4/4
  1336 | D:2      | Noticed Jessica
  1357 | D:2      | Killed Jessica
  1358 | D:2      | Reached skill level 5 in Axes
  2117 | D:2      | Reached XP level 5. HP: 47/47 MP: 5/5
  2324 | D:3      | Noticed a necrophage
  2330 | D:3      | Killed a necrophage
  2331 | D:3      | Reached skill level 5 in Fighting
  2331 | D:3      | Reached skill level 6 in Axes
  2417 | D:3      | Reached XP level 6. HP: 43/56 MP: 6/6
  2708 | D:3      | Found a faded altar of an unknown god.
  2807 | D:3      | Found an opulent altar of Gozag.
  2885 | D:3      | Reached skill level 7 in Axes
  2927 | D:3      | HP: 2/56 [poisoned by a gnoll]
  2927 | D:3      | Slain by a gnoll

Illustrated notes

Levels and vault maps discovered:
D:1:      lemuel_arrival_hallway, layout_rooms, minmay_heptomino_w4
D:2:      layout_basic, minmay_goblin_kobold_house, uniq_jessica, uniq_terence
D:3:      layout_rooms, nicolae_gozag_seed_capital,
          mainiacjoe_overflow_surrounded_room, chequers_ecumenical_altar_island,
          ebering_dispersal_statue_hall, st_stairs_9

Skill      XL: |  1  2  3  4  5  6 |
---------------+-------------------+-----
Axes           | 3 4 5 6 7 |  7.3
Fighting       | 4 5 |  5.6
Armour         | |  3.2
Shields        | |  3.2

Action                   |  1- 3 |  4- 6 || total
-------------------------+-------+-------++-------
Melee: War axe           |    97 |   149 ||   246
  Use: Scroll            |     4 |     4 ||     8
       Potion            |       |     3 ||     3
Armor: Scale mail        |    44 |    88 ||   132
Dodge: Dodged            |    55 |    62 ||   117
Block: Buckler           |    29 |    52 ||    81
